 Dungeon Crawl Stone Soup version 0.21-a0-414-gba8bdf1 (webtiles) character file.

39 krystyw the Skirmisher (level 3, -5/36 HPs)
             Began as a Troll Fighter on Nov 2, 2017.
             Slain by Sigmund
             ... wielding a +0 scythe
              (8 damage)
             ... on level 2 of the Dungeon.
             The game lasted 00:15:14 (1098 turns).

krystyw the Skirmisher (Troll Fighter)              Turns: 1098, Time: 00:15:15

Health: -5/36      AC:  5    Str: 25    XL:     3   Next: 28%
Magic:  2/2        EV:  8    Int:  4    God:
Gold:   121        SH:  8    Dex:  9    Spells: 2/2 levels left

rFire    . . .     SeeInvis .   a - +0 trident
rCold    . . .     Gourm    +   c - +0 shield
rNeg     . . .     Faith    .   b - +0 robe
rPois    .         Spirit   .   (helmet restricted)
rElec    .         Reflect  .   (no cloak)
rCorr    .         Harm     .   (gloves unavailable)
MR       .....                  (boots unavailable)
Stlth    +.........             (no amulet)
HPRegen  0.52/turn              (no ring)
MPRegen  0.08/turn              (no ring)

@: no status effects
A: unfitting armour, claws 3, fast metabolism 3, gourmand, regeneration 1,
shaggy fur 1, tough skin 2
a: no special abilities


You were on level 2 of the Dungeon.
You were full.

You visited 1 branch of the dungeon, and saw 2 of its levels.

You collected 121 gold pieces.

Inventory:

Hand Weapons
 a - a +0 trident (weapon)
Missiles
 i - 9 stones (quivered)
 j - 8 poisoned needles
Armour
 b - a +0 robe (worn)
 c - a +0 shield (worn)
Scrolls
 e - 2 scrolls of blinking {unknown}
 g - a scroll of fog {unknown}
 h - 2 scrolls of identify {unknown}
 k - 2 scrolls of recharging {unknown}
 l - 2 scrolls of teleportation {unknown}
 n - a scroll of magic mapping {unknown}
Potions
 d - 2 potions of might
Comestibles
 f - 2 bread rations
 m - a royal jelly


   Skills:
 - Level 2.8 Fighting
 + Level 2.0 Polearms
 - Level 0.2 Throwing
 - Level 2.7 Dodging
 + Level 2.7 Shields


You had 2 spell levels left.
You didn't know any spells.

Dungeon Overview and Level Annotations

Branches:
Dungeon (2/15)

Altars:

Annotations:
D:2 Sigmund


Innate Abilities, Weirdness & Mutations

You are too large for most types of armour.
You have claws for hands.
Your metabolism is lightning-fast.
You like to eat raw meat.
Your natural rate of healing is unusually fast.
You are covered in fur. (AC +1)
You have very tough skin. (AC +2)


Message History

Sigmund flickers and vanishes!
Deactivating autopickup; reactivate with Ctrl-A.
Something hits you.
No target in view!
No target in view!
No target in view!
You hear some strange, mumbled words.
A puff of flame appears from out of thin air!
The puff of flame hits you!
You miss something. Something hits you!
You hit something. You block something's attack.
You hit something. Something hits you.
You closely miss something. Something hits you!
You miss something. You miss something. Something hits you.
Your shield prevents you from hitting something.
Something hits you!
* * * LOW HITPOINT WARNING * * *
You closely miss something. Something hits you!
You die...

...####..# ##.###
.........# #....#
...#####.###....#
#..##....#
##.##....#
#.##....# #.##....#
#.##....# #..#.@..#
.......#.##{#######
######.#...........
#.##.......!.. #.
#.......... #.
##......... #.
#.>....... #.
#.........
#.........


There were no monsters in sight!

Vanquished Creatures
  An adder (D:2)
  A leopard gecko (D:2)
  5 bats (D:1)
  2 giant cockroaches (D:1)
  5 goblins (D:1)
  2 hobgoblins
  4 jackals
  A frilled lizard (D:1)
  3 kobolds (D:1)
  2 rats
26 creatures vanquished.

Notes
Turn   | Place    | Note
-------+----------+-------------------------------------------
     0 | D:1      | krystyw the Troll Fighter began the quest for the Orb.
     0 | D:1      | Reached XP level 1. HP: 22/22 MP: 0/0
   312 | D:1      | Reached XP level 2. HP: 29/29 MP: 1/1
   957 | D:2      | Reached XP level 3. HP: 34/36 MP: 2/2
  1068 | D:2      | Noticed Sigmund
  1098 | D:2      | Slain by Sigmund

Vault maps used:
D:1:      scummos_arrival_forest, serial_glass, glass_columns_c,
          glass_columns_a, glass_columns_a, glass_columns_a, feat_on_display,
          st_stairs_2, serial_bayou_lagoon_b
D:2:      uniq_sigmund

Skill      XL: |  1  2  3 |
---------------+----------+-----
Polearms       | 2 |  2.0
Fighting       | |  2.8
Throwing       | |  0.2
Dodging        | |  2.7
Shields        | |  2.7

Action                   || total
-------------------------++-------
Melee: Trident           ||    99
Throw: Stone             ||    41
  Eat: Chunk             ||    12
Armor: Robe              ||    35
Dodge: Dodged            ||    27
Block: Shield            ||    36

Table legend:
 A = Spawn XP
 B = Non-spawn XP
 C = Spawn XP percentage of total XP
 D = Spawn monster count
 E = Non-spawn monster count
 F = Spawn count percentage of total count
 G = Total turns spent on level
                    A         B        C        D         E        F      G
               +---------+---------+-------+---------+---------+-------+---------
         Total |       0 |      57 |   0.0 |       0 |      26 |   0.0 |  1098
               +---------+---------+-------+---------+---------+-------+---------
           D:1 |       0 |      34 |   0.0 |       0 |      20 |   0.0 |   923
           D:2 |       0 |      23 |   0.0 |       0 |       6 |   0.0 |   175
               +---------+---------+-------+---------+---------+-------+---------
